 Dungeon Crawl Stone Soup version 0.18-a0-1799-g6250cb2 (webtiles) character file.

61 macross the Sneak (level 3, 0/17 HPs)
             Began as a Spriggan Enchanter on Apr 23, 2016.
             Succumbed to an adder's poison
             ... on level 2 of the Dungeon.
             The game lasted 00:08:25 (2040 turns).

macross the Sneak (Spriggan Enchanter)              Turns: 2040, Time: 00:08:25

Health: 0/17       AC:  3    Str:  4    XL:     3   Next: 83%
Magic:  7/8        EV: 19    Int: 16    God:
Gold:   70         SH:  0    Dex: 17    Spells: 1 memorised, 7 levels left

rFire  . . .     SeeInvis +     a - +1 dagger
rCold  . . .     Gourm    .     b - +1 robe
rNeg   . . .     Faith    .     (shield restricted)
rPois  .         Spirit   .     (helmet restricted)
rElec  .         Dismiss  .     (no cloak)
rCorr  .         Reflect  .     (gloves unavailable)
SustAt .         Harm     .     (boots unavailable)
MR     .....                    (no amulet)
Stlth  +++.......               (no ring)
                                (no ring)

@: lethally poisoned (0 -> -7), very quick, not resistant to hostile
enchantments, fairly stealthy
A: unfitting armour, see invisible, herbivore 3, speed 3, slow metabolism 2
a: no special abilities


You were on level 2 of the Dungeon.
You were not hungry.

You visited 1 branch of the dungeon, and saw 2 of its levels.

You collected 70 gold pieces.

Inventory:

Hand Weapons
 a - a +1 dagger (weapon)
Armour
 b - a +1 robe (worn)
Jewellery
 h - an uncursed ring of ice {unknown}
 i - an uncursed amulet of magic regeneration {unknown}
Scrolls
 f - a scroll of identify {unknown}
 j - a scroll of fear {unknown}
 l - a scroll of remove curse {unknown}
 m - a scroll of fog {unknown}
Potions
 e - a potion of agility {unknown}
 g - a potion of mutation {unknown}
 k - a potion of degeneration {unknown}
Books
 c - a book of Maledictions

   Spells                             Type                      Level
   a - Corona                         Hexes                        1
   b - Ensorcelled Hibernation        Hexes/Ice                    2
   c - Confuse                        Hexes                        3
   d - Tukima's Dance                 Hexes                        3
   e - Dazzling Spray                 Conjuration/Hexes            3
Comestibles
 d - 3 bread rations


   Skills:
 + Level 0.5 Fighting
 + Level 1.3 Short Blades
 + Level 3.7 Dodging
 * Level 5.4 Stealth
 + Level 3.2 Spellcasting
 + Level 4.2 Hexes


You had 7 spell levels left.
You knew the following spells:

 Your Spells              Type           Power        Failure   Level  Hunger
a - Corona                Hex            ###....      3%          1    None


Dungeon Overview and Level Annotations

Branches:
Dungeon (2/15)

Altars:


Innate Abilities, Weirdness & Mutations

You are tiny and cannot use many weapons and most armour.
You have supernaturally acute eyesight.
You are a herbivore.
You cover ground extremely quickly.
You need consume almost no food.


Message History

* * * LOW HITPOINT WARNING * * *
You feel sick. The adder misses you. x2
You hit the adder.
The adder is heavily wounded.
The adder barely misses you.
You hit the adder.
The adder is severely wounded.
The adder bites you.
* * * LOW HITPOINT WARNING * * *
You are more poisoned.
The adder poisons you!
You hit the adder.
The adder is almost dead.
* * * LOW HITPOINT WARNING * * *
You feel sick. The adder completely misses you.
You hit the adder.
You kill the adder!
* * * LOW HITPOINT WARNING * * *
You feel sick.
You die...

#.......# ..# ##..†..#
#.......# #.# ####..# #.......#
#.# #......... #....<..# #.#
#......... #.....S.# #.#
#......... ####....# #.#
#......... #.##.######.###
#..........
####.##......#...#............#
#.....##..##..@#.............##
#..................>...........
#.....##..####........##..#....
###.####..####..............÷..
#.# #....##.......# #...)...
#.# ##.#.##.......# ##..).<.
#.# #.#.##..#########...##. ...
#.#.....##..........# #
#.....#.##..........###


There were no monsters in sight!

Vanquished Creatures
  3 adders (D:2)
  A dart slug (D:1)
  2 giant geckos (D:1)
  A giant cockroach (D:2)
  5 hobgoblins
  6 jackals
  3 bats
  2 giant newts (D:2)
  A goblin (D:1)
  3 kobolds (D:1)
  5 rats
  A fungus (D:1)
33 creatures vanquished.

Notes
Turn   | Place    | Note
--------------------------------------------------------------
     0 | D:1      | macross the Spriggan Enchanter began the quest for the Orb.
     0 | D:1      | Reached XP level 1. HP: 9/9 MP: 5/5
   203 | D:1      | Reached XP level 2. HP: 6/13 MP: 4/6
   601 | D:1      | Reached skill level 5 in Stealth
  1650 | D:2      | Reached XP level 3. HP: 11/16 MP: 6/8
  2040 | D:2      | Succumbed to an adder's poison

Vault maps used:
D:1:      lemuel_arrival_muddy
D:2:      overflow_temple_1_default, first_bread, kennysheep_generic_room_10

Skill      XL: |  1  2 |
---------------+-------+-----
Stealth        | 5 |  5.4
Hexes          | 4 |  4.2
Spellcasting   | 3 |  3.2
Fighting       | |  0.5
Short Blades   | |  1.3
Dodging        | |  3.7

Action                   || total
-------------------------++-------
Melee: Dagger            ||   192
 Cast: Corona            ||    19
 Stab: Sleeping          ||     5
Armor: Robe              ||    30
Dodge: Dodged            ||   191
